 Dungeon Crawl Stone Soup version 0.23-a0-180-ga5275e7 (webtiles) character file.

45680 Inarius the Fighter (level 14, -8/113 HPs)
             Began as a Mummy Fighter on Sept 18, 2018.
             Was an Initiate of Gozag.
             Mangled by a shambling mangrove (15 damage)
             ... on level 6 of the Lair of Beasts.
             The game lasted 01:01:43 (27404 turns).

Inarius the Fighter (Mummy Fighter)                Turns: 27404, Time: 01:01:44

Health: -8/113     AC: 25    Str: 31    XL:     14   Next: 2%
Magic:  23/23      EV:  5    Int: 10    God:    Gozag
Gold:   1509       SH: 24    Dex:  9    Spells: 12/13 levels left

rFire    + . .     SeeInvis .   c - +6 morningstar "Beetleslayer" {pain, MP+9 Str+3 Dex-2}
rCold    + . .     Gourm    .   b - +0 large shield
rNeg     + + +     Faith    .   E - +4 plate armour "Cinaep" {rF++ rN+ Int+2}
rPois    ∞         Spirit   .   (no helmet)
rElec    .         Reflect  +   e - +1 cloak {+Inv}
rCorr    .         Harm     .   m - +1 pair of gloves
MR       ++...                  M - +1 pair of boots "Zakenn" {rPois Str+4 Stlth+}
Stlth    ..........             s - +5 amulet of reflection
HPRegen  0.28/turn              f - +3 ring of evasion
MPRegen  0.18/turn              C - ring of protection from magic

@: grasped by roots, constricted
A: no food or potions, fire vulnerability, cold resistance 1, negative energy
resistance 3, torment resistance, unbreathing, in touch with death 1
a: Potion Petition, Call Merchant, Bribe Branch, Renounce Religion, Evoke
Invisibility


You were on level 6 of the Lair of Beasts.
You worshipped Gozag.
Gozag was most pleased with you.
You were not hungry.

You visited 3 branches of the dungeon, and saw 20 of its levels.
You also visited: Labyrinth and Ossuary.

You collected 5348 gold pieces.
You spent 2801 gold pieces at shops.
You paid 1038 gold pieces to Gozag.

Inventory:

Hand Weapons
 c - the +6 morningstar "Beetleslayer" (weapon) {pain, MP+9 Str+3 Dex-2}
   (You bought it in a shop on level 8 of the Dungeon)

   In the hands of one skilled in necromantic magic, it inflicts extra damage on
   living creatures.
   It affects your strength (+3).
   It affects your dexterity (-2).
   It affects your magic capacity (+9).
 k - the +5 spear of Eseyrria {pierce, *Slow rPois rN+++ Int-3}
   (You found it on level 6 of the Dungeon)

   It inflicts extra damage upon your enemies.
   It affects your intelligence (-3).
   It protects you from poison.
   It renders you almost immune to negative energy.
   It may slow you when you take damage.
 H - the +5 scimitar "Impbane" {drain, MR+ Int+2}
   (You took it off a minotaur in a labyrinth)

   A truly terrible weapon, it drains the life of those it strikes.
   It affects your intelligence (+2).
   It affects your resistance to hostile enchantments.
 I - the +8 rapier "Orb Guardian's Bane" {elec, rF+ rC+}
   (You found it in a labyrinth)

   Occasionally, upon striking a foe, it will discharge some electrical energy
   and cause terrible harm.
   It protects you from fire.
   It protects you from cold.
Missiles
 i - 4 throwing nets
 j - 3 tomahawks of dispersal
 v - a tomahawk (quivered)
 F - 15 javelins
Armour
 b - a +0 large shield (worn)
 e - a +1 cloak of invisibility (worn)
 m - a +1 pair of gloves (worn)
 E - the +4 plate armour "Cinaep" (worn) {rF++ rN+ Int+2}
   (You bought it in a shop on level 7 of the Dungeon)

   It affects your intelligence (+2).
   It greatly protects you from fire.
   It protects you from negative energy.
 M - the +1 pair of boots "Zakenn" (worn) {rPois Str+4 Stlth+}
   (You bought it in a shop on level 7 of the Dungeon)

   It affects your strength (+4).
   It protects you from poison.
   It makes you more stealthy.
Jewellery
 f - a +3 ring of evasion (left hand)
 g - an uncursed ring of magical power
 o - an uncursed ring of flight
 s - a +5 amulet of reflection (around neck)
 w - an uncursed amulet of the acrobat
 z - an uncursed ring of resist corrosion
 C - a ring of protection from magic (right hand)
 G - an uncursed ring of wizardry
 K - the ring of Suicidal Tendencies {Fire rN+}
   (You acquired it on level 5 of the Lair of Beasts)

   [ring of fire]

   It enhances your fire magic.
   It protects you from fire.
   It makes you vulnerable to cold.
   It protects you from negative energy.
 L - an uncursed ring of protection from magic
Wands
 a - a wand of iceblast (1)
 l - a wand of paralysis (19)
 n - a wand of polymorph (8)
 A - a wand of enslavement (7)
Scrolls
 d - 2 scrolls of magic mapping
 h - 3 scrolls of enchant armour
 p - 3 scrolls of noise
 q - a scroll of fog
 r - 7 scrolls of enchant weapon
 t - 3 scrolls of immolation
 u - 10 scrolls of teleportation
 x - 2 scrolls of amnesia
 y - 9 scrolls of remove curse
 B - a scroll of identify
 D - a scroll of vulnerability
Miscellaneous
 J - a phantom mirror
 N - a lightning rod (4/4)


   Skills:
 + Level 11.4 Fighting
 + Level 0.4 Long Blades
   Level 1.5(6.0) Axes
 - Level 9.3 Maces & Flails
 - Level 5.0 Throwing
 + Level 9.8 Armour
 + Level 10.5 Shields
 * Level 7.9 Necromancy
 + Level 1.1 Evocations


You had 12 spell levels left.
You knew the following spells:

 Your Spells              Type           Power        Failure   Level  Hunger
a - Animate Skeleton      Necr           N/A          54%         1    N/A

Your spell library contained the following spells:

 Spells                   Type           Power        Failure   Level  Hunger
 Apportation              Tloc           #.....       100%        1    N/A
 Confusing Touch          Hex            #.....       100%        1    N/A
 Summon Small Mammal      Summ           #...         100%        1    N/A
 Confuse                  Hex            #.......     100%        3    N/A
 Gell's Gravitas          Tloc           #.........   100%        3    N/A
 Ignite Poison            Fire/Tmut/Pois #.......     100%        3    N/A
 Leda's Liquefaction      Hex/Erth       #.........   100%        4    N/A
 Petrify                  Tmut/Erth      #.......     100%        4    N/A
 Alistair's Intoxication  Tmut/Pois      #.......     100%        5    N/A
 Bolt of Magma            Conj/Fire/Erth #.........   100%        5    N/A
 Irradiate                Conj/Tmut      #.........   100%        5    N/A
 Metabolic Englaciation   Hex/Ice        #.........   100%        5    N/A
 Yara's Violent Unravell  Hex/Tmut       #.........   100%        5    N/A
 Iron Shot                Conj/Erth      #.........   100%        6    N/A
 Shatter                  Erth           #.........   100%        9    N/A
 Sublimation of Blood     Necr           Unusable     N/A         2    N/A
 Statue Form              Tmut/Erth      Unusable     N/A         6    N/A

Dungeon Overview and Level Annotations

Branches:
Dungeon (13/15)            Temple (1/1) D:4            Lair (6/6) D:10
 Shoals (0/4) Lair:2       Spider (0/4) Lair:3        Slime (0/5) Lair:6
    Orc (0/2) D:10
 Vaults: D:13-14

Altars:
Gozag
Kikubaaqudgha
Makhleb
Nemelex Xobeh
Ru
Vehumet
Yredelemnul
The Shining One

Shops:
D:4 [   D:5 :   D:7 [?   D:8 (*   D:12 *

Annotations:
Lair:6 exclusion: 3 oklob plants


Innate Abilities, Weirdness & Mutations

You do not eat or drink.
Your flesh is vulnerable to fire.
You are immune to poison.
Your flesh is cold resistant. (rC+)
You are immune to negative energy. (rN+++)
You are immune to unholy pain and torment.
You can survive without breathing.
You are in touch with the powers of death.


Message History

Unknown command.
Unknown command.
Unknown command.
Evoke which item? (* to show all) (? for menu, Esc to quit)
Aiming: Iceblast
Press: ? - help, Shift-Dir - straight line, f/p - shambling mangrove
Aim: a shambling mangrove (almost destroyed)
The mass of ice explodes!
The iceblast engulfs the shambling mangrove.
The shambling mangrove is almost destroyed.
* * * LOW HITPOINT WARNING * * *
The grasping roots constrict you.
Unknown command.
Unknown command.
Unknown command.
Unknown command.
The roots' grasp on you weakens, but your attempt to escape fails.
You block the shambling mangrove's attack.
You die...
Your body crumbles into a pile of gold.

........P##.....P...###.##(......
..............#......##......#...
..............##P...#........#...
#........P...###.................
.##......#..P####.....#..#.......
#.......###.P..#.....##..##.....#
.............P.......#......[.#.⌠
.............................#...
...............f@..........#.....
..........................#......
.....................)...##......
.......................#.....##..
.......................##...##..⌠
.......................##....#...
......................#....##....
........................<.⌠#.#..<
.......................#...#.#...


You could see a shambling mangrove.

Vanquished Creatures
  A minotaur (Lab)
  Josephine (D:11)
  A fire dragon (Lair:6)
  4 hydras
  Harold (D:7)
  2 two-headed ogres
  7 death yaks
  Sonja (Lair:1)
  Nergalle (D:11)
  A swamp dragon (Lair:6)
  2 manticores (D:11)
  An ugly thing (D:12)
  2 black mambas (Lair:4)
  Maurice (D:11)
  7 spiny frogs
  Psyche (D:10)
  2 gargoyles
  A torpor snail (Lair:5)
  2 rime drakes (Lair:6)
  9 komodo dragons
  5 jumping spiders
  2 trolls
  A meliai (D:12)
  3 polar bears (Lair:6)
  11 blink frogs
  3 slime creatures (Lair:6)
  Grinder (D:3)
  6 hippogriffs
  3 redbacks (Lair:3)
  4 wyverns
  Eustachio (D:8)
  3 wraiths (D:11)
  A human (D:7)
  3 hogs
  A hungry ghost (D:7)
  40 yaks
  2 steam dragons (Lair:6)
  3 vampire mosquitoes (D:12)
  A basilisk (Lair:3)
  Menkaure (D:7)
  3 acid dragons
  A soldier ant (D:11)
  3 water moccasins
  4 porcupines
  A black bear (D:12)
  5 orc warriors
  A swamp drake (Lair:6)
  2 sky beasts
  8 ogres
  2 ice beasts
  12 centaurs
  13 crocodiles
  2 big kobolds
  9 bullfrogs
  A wyvern skeleton (D:8)
  A water moccasin skeleton (D:5)
  9 scorpions
  14 killer bees
  6 wights (D:8)
  An electric eel (D:10)
  2 howler monkeys (D:10)
  4 centaur zombies
  4 crimson imps
  2 bullfrog zombies
  4 hounds
  A quasit (D:11)
  3 human zombies (Ossuary)
  9 jellies
  8 orc priests
  11 orc wizards
  A bullfrog skeleton (D:12)
  A centaur skeleton (D:7)
  9 iguanas
  4 worker ants
  4 big kobold zombies (Ossuary)
  A hound zombie (D:5)
  3 hound skeletons
  2 mummies (Ossuary)
  A worker ant zombie (D:9)
  8 gnolls
  13 adders
  A scorpion zombie (Ossuary)
  A shadow imp (D:9)
  2 oozes (D:3)
  An adder skeleton (D:5)
  4 worms
  A dart slug (D:2)
  3 leopard geckos
  54 orcs
  3 ball pythons
  12 giant cockroaches
  2 gnoll zombies (Ossuary)
  14 goblins
  6 hobgoblins
  13 jackals
  22 kobolds
  4 quokkas
  A ball python skeleton (D:4)
  9 bats
  5 frilled lizards
  2 goblin zombies (Ossuary)
  4 kobold zombies (Ossuary)
  A leopard gecko skeleton (D:6)
  3 quokka skeletons
  10 rats
  A fungus (Lair:5)
  8 plants
523 creatures vanquished.

Vanquished Creatures (others)
  A human (D:9)
  A centaur (Lair:2)
  A mummy (Ossuary)
  A bat (D:2)
  A kobold zombie (Ossuary)
  6 fungi
  11 plants
22 creatures vanquished.

Grand Total: 545 creatures vanquished

Notes
Turn   | Place    | Note
-------+----------+-------------------------------------------
     0 | D:1      | Inarius the Mummy Fighter began the quest for the Orb.
     0 | D:1      | Reached XP level 1. HP: 18/18 MP: 1/1
    72 | D:1      | Reached XP level 2. HP: 22/24 MP: 2/2
   650 | D:1      | Reached XP level 3. HP: 21/29 MP: 3/3
  1274 | D:2      | Reached XP level 4. HP: 36/37 MP: 4/4
  1328 | D:2      | Reached skill level 4 in Fighting
  1465 | D:2      | Found an opulent altar of Gozag.
  1475 | D:2      | Became a worshipper of Gozag Ym Sagoz the Greedy
  1964 | D:3      | Noticed Grinder
  1971 | D:3      | Paralysed by Grinder for 2 turns
  1985 | D:3      | Paralysed by Grinder for 2 turns
  1989 | D:3      | Killed Grinder
  1989 | D:3      | Reached skill level 1 in Throwing
  1989 | D:3      | Reached XP level 5. HP: 37/43 MP: 5/5
  1989 | D:3      | Reached XP level 6. HP: 44/50 MP: 6/6
  2507 | D:3      | Found a sacrificial altar of Ru.
  2524 | D:3      | Reached skill level 5 in Fighting
  3103 | D:4      | Found a staircase to the Ecumenical Temple.
  3130 | D:4      | Reached XP level 7. HP: 4/56 MP: 7/7
  3444 | Temple   | Entered the Ecumenical Temple
  3707 | D:4      | Found Daruam's Armour Shoppe.
  3715 | D:4      | Bought a +2 chain mail of magic resistance for 301 gold
                  | pieces
  4690 | D:5      | Entered Level 5 of the Dungeon
  4750 | D:5      | Found Dugif's Book Shoppe.
  4916 | D:5      | Reached skill level 5 in Shields
  5092 | D:5      | Found a burning altar of Makhleb.
  5140 | D:5      | Reached XP level 8. HP: 52/64 MP: 8/8
  5271 | D:5      | Reached skill level 6 in Fighting
  5890 | D:6      | Got a bloodstained spear
  5891 | D:6      | Identified the +5 spear of Eseyrria {pierce, *Slow rPois
                  | rN+++ Int-3} (You found it on level 6 of the Dungeon)
  6653 | D:7      | Reached skill level 5 in Armour
  6925 | D:7      | Found a sand-covered staircase.
  6930 | Ossuary  | Entered an ossuary
  7269 | Ossuary  | Reached skill level 7 in Fighting
  7269 | Ossuary  | Reached XP level 9. HP: 66/72 MP: 9/9
  7529 | D:7      | Found a radiant altar of Vehumet.
  7646 | D:7      | Noticed Harold
  7990 | D:7      | Noticed Menkaure
  8335 | D:7      | Found Hoejaepo's Magic Scroll Emporium.
  8560 | D:8      | Found a sparkling altar of Nemelex Xobeh.
  8597 | D:8      | Reached skill level 8 in Fighting
  8855 | D:7      | Killed Menkaure
  9283 | D:7      | Found a basalt altar of Yredelemnul.
  9331 | D:7      | Reached skill level 9 in Fighting
  9331 | D:7      | Reached XP level 10. HP: 72/83 MP: 10/10
  9657 | D:8      | Found Dorik's General Store.
  9998 | D:8      | Noticed Eustachio
 10008 | D:8      | Killed Eustachio
 10609 | D:8      | Bought the +6 morningstar "Beetleslayer" {pain, MP+9 Str+3
                  | Dex-2} for 884 gold pieces
 10995 | D:9      | Reached skill level 1 in Maces & Flails
 11656 | D:9      | Found an ancient bone altar of Kikubaaqudgha.
 11749 | D:9      | Noticed a two-headed ogre
 11756 | D:9      | Killed a two-headed ogre
 11949 | D:9      | Reached XP level 11. HP: 62/90 MP: 11/11
 12371 | D:10     | Entered Level 10 of the Dungeon
 13035 | D:10     | Reached skill level 10 in Fighting
 13090 | D:10     | Noticed Psyche
 13124 | D:10     | Killed Psyche
 13270 | D:10     | Found a staircase to the Orcish Mines.
 13279 | D:10     | Found a staircase to the Lair.
 13450 | D:10     | Noticed a two-headed ogre
 13459 | D:10     | Killed a two-headed ogre
 14962 | D:11     | Learned a level 1 spell: Animate Skeleton
 15287 | D:11     | Reached skill level 5 in Maces & Flails
 15349 | D:11     | Noticed Josephine
 15357 | D:11     | Killed Josephine
 15357 | D:11     | Reached skill level 1 in Necromancy
 15551 | D:11     | HP: 4/90 [manticore (1)]
 16047 | D:11     | Noticed Maurice
 16078 | D:11     | Killed Maurice
 16268 | D:11     | Noticed Nergalle
 16285 | D:11     | Killed Nergalle
 16303 | D:11     | Found a glowing golden altar of the Shining One.
 16488 | D:12     | Noticed a cyan ugly thing
 16566 | D:12     | Killed a cyan ugly thing
 16900 | D:12     | Reached XP level 12. HP: 83/97 MP: 12/12
 17845 | D:12     | Found Onum's Changing Room.
 18029 | Lair:1   | Entered Level 1 of the Lair of Beasts
 18168 | Lair:1   | Noticed Sonja
 18194 | Lair:1   | Killed Sonja
 18528 | D:7      | Killed Harold
 19782 | Lair:2   | Found a staircase to the Shoals.
 19970 | D:7      | Bought the +4 plate armour "Cinaep" {rF++ rN+ Int+2} for
                  | 1138 gold pieces
 20530 | Lair:3   | Reached skill level 5 in Necromancy
 21157 | Lair:3   | Found a hole to the Spider Nest.
 21829 | Lair:4   | Noticed a four-headed hydra
 21835 | Lair:4   | Killed a four-headed hydra
 21835 | Lair:4   | Gained mutation: You are in touch with the powers of death.
                  | [Mummy growth]
 21835 | Lair:4   | Reached XP level 13. HP: 105/105 MP: 13/13
 21852 | Lair:4   | Found a labyrinth entrance.
 21862 | Lab      | Entered a labyrinth
 22562 | Lab      | Noticed a minotaur
 22566 | Lab      | Killed a minotaur
 22582 | Lab      | Got a jewelled scimitar {drain}
 22582 | Lab      | Got a steaming rapier
 22587 | Lab      | Identified the +5 scimitar "Impbane" {drain, MR+ Int+2}
                  | (You took it off a minotaur in a labyrinth)
 22589 | Lab      | Identified the +8 rapier "Orb Guardian's Bane" {elec, rF+
                  | rC+} (You found it in a labyrinth)
 22601 | Lair:4   | You fall through a shaft!
 24121 | Lair:5   | Identified a scroll of acquirement
 24128 | Lair:5   | Got a scorched steel ring
 24138 | Lair:5   | Identified the ring of Suicidal Tendencies {Fire rN+} (You
                  | acquired it on level 5 of the Lair of Beasts)
 24478 | Lair:5   | Reached skill level 11 in Fighting
 24652 | Lair:6   | Entered Level 6 of the Lair of Beasts
 25200 | D:7      | Bought the +1 pair of boots "Zakenn" {rPois Str+4 Stlth+}
                  | for 478 gold pieces
 25680 | Lair:6   | Reached skill level 10 in Shields
 26518 | Lair:6   | Reached skill level 5 in Throwing
 26543 | Lair:6   | Found a staircase to the Slime Pits.
 26882 | Lair:6   | Noticed a fire dragon
 26898 | Lair:6   | Killed a fire dragon
 26898 | Lair:6   | Reached skill level 1 in Evocations
 26898 | Lair:6   | Reached XP level 14. HP: 58/113 MP: 14/14
 27404 | Lair:6   | Mangled by a shambling mangrove

Vault maps used:
D:1:      onia_arrival_larder
D:2:      nicolae_gozag_seed_capital, first_ration, guppyfry_early_orc_mine
D:3:      kennysheep_six_static_rooms, gammafunk_temple_overflow_statue,
          nicolae_ru_great_annihilating_truth, uniq_grinder
D:4:      minmay_temple_entry_statues_fountains, serial_shops, shop,
          serial_forest, infiniplex_forest_straight_2,
          infiniplex_forest_lined_2, infiniplex_forest_lined_corner,
          infiniplex_forest_corner_1, infiniplex_forest_fountain,
          infiniplex_forest_lined_room_3, infiniplex_forest_end_double,
          infiniplex_forest_end_1, kennysheep_generic_room_13
D:5:      nicolae_overflow_crystal_walls, serial_shops, shop
D:7:      lemuel_upstairs_altar, vehumet_crystals, serial_shops, shop_scrolls,
          enter_ossuary_5, uniq_harold, uniq_menkaure
D:8:      nemelex_xobeh_ov_fountains_minmay, serial_shops,
          kennysheep_little_box, grunt_livestock, sword_in_stone
D:9:      tgw_kikubaaqudgha
D:10:     lair_entry_dummy, orc_0_dummy, serial_glass, glass_columns_a,
          glass_columns_a, serial_bayou_lagoon_a, uniq_psyche
D:11:     tso_altar, uniq_josephine, uniq_maurice, uniq_nergalle
D:12:     serial_co_window_serial, co_window_paths_a, co_window_corner_a,
          co_window_corner_a, co_window_corner_a, co_window_paths_b,
          co_window_paths_b, co_window_cross_1, co_window_paths_c,
          co_window_cross_3, co_window_2corner, co_window_paths_c,
          co_window_of_opportunity_b, glass_columns_a, glass_columns_a,
          glass_columns_c, glass_columns_a, glass_columns_a,
          nicolae_transmutations_shop
Temple:   eino_temple_scatter_basement
Lair:1:   uniq_sonja
Lair:2:   minmay_shoals_entry_centaurs, lemuel_old_faithful
Lair:3:   beast_lair_carwin_large_1, nicolae_spider_entry_tight_spaces,
          grunt_megastairs_3, lemuel_fruit_tree
Lair:4:   lab_entry_generic, infiniplex_staircase_pool_2, grunt_megastairs_2
Lair:5:   beast_lair_carwin_large_2
Lair:6:   guppyfry_lair_end_dragon, minmay_slime_entry_pillars,
          minmay_lair_oklob_chamber, grunt_megastairs_5,
          infiniplex_staircase_pool
Ossuary:  ossuary_minmay_scorpions

Skill      XL: |  1  2  3  4  5  6  7  8  9 10 11 12 13 |
---------------+----------------------------------------+-----
Shields        | 3 4 5 6 7 8 9 10 | 10.5
Armour         | 3 4 5 7 8 9 |  9.8
Fighting       | 4 5 7 9 10 11 | 11.4
Throwing       | 1 2 3 4 5 |  5.0
Maces & Flails | 3 6 8 9 |  9.3
Necromancy     | 3 6 7 |  7.9
Evocations     | 1 |  1.1
Long Blades    | |  0.4
Axes           | |  1.5

Action                   |  1- 3 |  4- 6 |  7- 9 | 10-12 | 13-15 || total
-------------------------+-------+-------+-------+-------+-------++-------
Melee: War axe           |    91 |       |       |       |       ||    91
       Short sword       |    93 |   317 |   272 |       |       ||   682
       Spear             |       |       |   398 |   184 |       ||   582
       Morningstar       |       |       |       |   805 |   357 ||  1162
       Scimitar          |       |       |       |       |     7 ||     7
Throw: Tomahawk          |     4 |    16 |    31 |   122 |    47 ||   220
       Throwing net      |       |       |     2 |       |     1 ||     3
       Javelin           |       |       |       |       |     6 ||     6
Invok: Call Merchant     |       |       |       |     2 |       ||     2
Evoke: Wand              |       |       |       |    11 |    10 ||    21
  Use: Scroll            |       |     4 |    13 |     6 |     7 ||    30
 Stab: Paralysed         |       |     1 |       |       |       ||     1
       Distracted        |       |       |     2 |     3 |       ||     5
Armor: Scale mail        |    88 |       |       |       |       ||    88
       Plate armour      |    36 |   189 |     1 |    51 |   115 ||   392
       Chain mail        |       |       |   347 |   442 |       ||   789
Dodge: Dodged            |    59 |    49 |   135 |   304 |    60 ||   607
Block: Shield            |   107 |   135 |   324 |   551 |       ||  1117
       Large shield      |       |       |       |   144 |   354 ||   498
       Reflection        |       |       |       |    13 |     6 ||    19

Table legend:
 A = Non-vault XP
 B = Vault XP
 C = Vault XP percentage of total XP
 D = Non-vault monster count
 E = Vault monster count
 F = Vault count percentage of total count
                 A         B        C        D         E       F
            +---------+---------+-------+---------+---------+-------
      Total |   39807 |   25451 |  39.0 |     380 |     135 |  26.2
            +---------+---------+-------+---------+---------+-------
        D:1 |      33 |       9 |  21.4 |      21 |       5 |  19.2
        D:2 |      91 |      17 |  15.7 |      28 |       7 |  20.0
        D:3 |     130 |     337 |  72.2 |      27 |      11 |  28.9
        D:4 |     402 |       0 |   0.0 |      21 |       0 |   0.0
        D:5 |     602 |       0 |   0.0 |      18 |       0 |   0.0
        D:6 |     194 |       0 |   0.0 |       8 |       0 |   0.0
        D:7 |    1954 |    1964 |  50.1 |      23 |       6 |  20.7
        D:8 |    1302 |     871 |  40.1 |      27 |       7 |  20.6
        D:9 |    3674 |       0 |   0.0 |      46 |       0 |   0.0
       D:10 |    3533 |     424 |  10.7 |      32 |       1 |   3.0
       D:11 |    2551 |    2994 |  54.0 |      20 |       6 |  23.1
       D:12 |    4682 |       0 |   0.0 |      45 |       0 |   0.0
     Lair:1 |     100 |     814 |  89.1 |       1 |       1 |  50.0
     Lair:2 |    1138 |     570 |  33.4 |       6 |       5 |  45.5
     Lair:3 |    2913 |    3395 |  53.8 |      12 |      18 |  60.0
     Lair:4 |    3280 |    2224 |  40.4 |       8 |       7 |  46.7
     Lair:5 |    4544 |    5555 |  55.0 |      15 |      13 |  46.4
     Lair:6 |    7430 |    5358 |  41.9 |      21 |      20 |  48.8
        Lab |    1254 |       0 |   0.0 |       1 |       0 |   0.0
    Ossuary |       0 |     919 | 100.0 |       0 |      28 | 100.0
            +---------+---------+-------+---------+---------+-------
